 Dungeon Crawl Stone Soup version 0.30-a0-949-g53dc5368d7 (webtiles) character file.

Game seed: 14545230879233496083

1390 DeathPants the Cleaver (level 8, 0/70 HPs)
             Began as a Minotaur Gladiator on Mar 27, 2023.
             Slain by a rust devil (5 damage)
             ... on level 6 of the Dungeon.
             The game lasted 00:11:07 (4400 turns).

DeathPants the Cleaver (Minotaur Gladiator)         Turns: 4400, Time: 00:11:08

Health: 0/70       AC: -16   Str: 22    XL:     8   Next: 40%
Magic:  7/7        EV: 13    Int:  5    God:
Gold:   130        SH:  0    Dex: 11    Spells: 7/7 levels left

rFire   . . .      SeeInvis .    a - +0 war axe (venom)
rCold   . . .      Faith    .    (no shield)
rNeg    . . .      Spirit   .    p - +0 chain mail
rPois   .          Reflect  .    c - +0 hat
rElec   .          Rampage  .    (no cloak)
rCorr   .                        (no gloves)
Will    .....                    (no boots) Stlth
                                 k - amulet of regeneration
HPRegen 1.11/turn                h - +5 ring of evasion
MPRegen 0.10/turn                (no ring)

@: corroded, on berserk cooldown, slowed, very slow
A: horns 2, retaliatory headbutt
a: no special abilities


You were on level 6 of the Dungeon.
You visited 1 branch of the dungeon, and saw 6 of its levels.
You also visited: Sewer.

You collected 242 gold pieces.
You spent 112 gold pieces at shops.

Inventory:

Hand Weapons
 a - a +0 war axe of venom (weapon)
 m - a +1 dire flail of protection
 B - a +2 dagger of venom
Missiles
 d - a throwing net (quivered)
 e - a javelin
 j - 26 poisoned darts
 n - 5 boomerangs
Armour
 c - a +0 hat (worn)
 p - a +0 chain mail (worn)
Jewellery
 h - a +5 ring of evasion (left hand)
 k - an amulet of regeneration (around neck)
Wands
 i - a wand of flame (12)
 C - a wand of iceblast (4)
Scrolls
 r - 2 scrolls of teleportation
 y - a scroll of magic mapping
 A - a scroll of blinking
Potions
 b - a potion of ambrosia
 f - 6 potions of curing
 l - a potion of magic
 o - a potion of attraction {unknown}
 q - 2 potions of brilliance
 s - 2 potions of mutation
 t - 2 potions of flight
 u - 3 potions of haste {unknown}
 v - a potion of might {unknown}
 w - 3 potions of heal wounds {unknown}
 x - a potion of invisibility {unknown}
 z - a potion of cancellation {unknown}


   Skills:
 + Level 6.0 Fighting
 * Level 8.7 Axes
 * Level 6.8 Throwing
 - Level 3.2 Dodging


You had 7 spell levels left.
You didn't know any spells.
Your spell library contained the following spells:

 Spells                   Type           Power      Damage    Failure   Level
 Static Discharge         Conj/Air       0%         2-2/arc   100%        2
 Call Canine Familiar     Summ           0%         N/A       100%        3
 Portal Projectile        Hex/Tloc       0%         N/A       100%        3
 Airstrike                Air            0%         2d(0-16)  100%        4
 Leda's Liquefaction      Hex/Erth       0%         N/A       100%        4
 Lee's Rapid Deconstruct  Erth           0%         3d4*      100%        5
 Shatter                  Erth           0%         3d5*      100%        9


Dungeon Overview and Level Annotations

Branches:
Dungeon (6/15)              Sewer (visited)
 Temple: D:4-7

Altars:
Dithmenos
Qazlal
Wu Jian

Shops:
D:3 ?


Innate Abilities, Weirdness & Mutations

You have a pair of horns on your head.
You reflexively headbutt those who attack you in melee.


Message History

You feel stronger.
You kill the orc warrior!
The orc warrior misses you. The rust devil closely misses you.
The orc warrior hits you from afar with a +0 halberd!
* * * LOW HITPOINT WARNING * * *
The rust devil hits you.
* * * LOW HITPOINT WARNING * * *
The rust devil corrodes you!
Your Fighting skill increases to level 6!
You climb downwards.
There is a stone staircase leading up here.
You slash the rust devil!
The rust devil is severely wounded.
The rust devil barely misses you.
You hit the rust devil but do no damage.
The rust devil is severely wounded.
The rust devil hits you.
* * * LOW HITPOINT WARNING * * *
The rust devil corrodes you! The rust devil closely misses you.
You furiously retaliate!
You headbutt the rust devil, but do no damage.
You hit the rust devil but do no damage.
The rust devil is severely wounded.
The rust devil barely misses you.
You hit the rust devil but do no damage.
The rust devil is poisoned.
The rust devil is severely wounded.
The rust devil hits you!
* * * LOW HITPOINT WARNING * * *
The rust devil corrodes you! The rust devil barely misses you.
You hit the rust devil but do no damage.
The rust devil is severely wounded.
The rust devil hits you.
* * * LOW HITPOINT WARNING * * *
The rust devil corrodes you!
You hit the rust devil but do no damage.
Your headbutt misses the rust devil.
The rust devil is severely wounded.
The rust devil hits you.
You die...

.. #...# ..# #...# #.#
#...# ## #.# #...# #.#
#.#########...#####.
#.##...................
###..........?..........
.#..#..#........4....$..
.........#.####.@.######
....#..#.#.# #...#
....#..#.#.# #...#
##......(..# #...#
####.###### #...#
#####.# #...# #....[#
..... ..##### ##.## ###


You could see a rust devil (very poisoned).

Vanquished Creatures
  A rust devil (D:5)
  Edmund (D:5)
  An orc warrior (D:5)
  An ice beast (D:5)
  An ogre (D:5)
  Blork the orc (D:5)
  3 scorpions
  A howler monkey (D:5)
  A gnoll bouda (D:5)
  A hound (D:5)
  A sleepcap (D:6)
  Natasha (thrice) (D:3)
  Robin (D:3)
  4 gnolls
  8 adders
  A river rat (D:4)
  2 ufetubi (D:5)
  5 worms
  3 dart slugs
  3 orcs
  8 ball pythons
  6 bats
  6 endoplasms
  3 giant cockroaches
  13 goblins
  12 hobgoblins
  2 quokkas (D:2)
  3 frilled lizards (D:1)
  8 kobolds
  6 rats
110 creatures vanquished.

Notes
Turn   | Place    | Note
-------+----------+-------------------------------------------
     0 | D:1      | DeathPants the Minotaur Gladiator began the quest for the
                  | Orb.
     0 | D:1      | Reached XP level 1. HP: 18/18 MP: 0/0
   235 | D:1      | Reached XP level 2. HP: 25/25 MP: 1/1
   254 | D:1      | Got the Omnibus of Clouds and Mud
   345 | D:1      | Reached skill level 4 in Axes
   474 | D:1      | You fall into a shaft and drop 1 floor!
   782 | D:2      | Reached XP level 3. HP: 30/30 MP: 2/2
  1194 | D:2      | Reached XP level 4. HP: 38/38 MP: 3/3
  1640 | D:4      | Noticed a scorpion
  1646 | D:4      | Killed a scorpion
  1647 | D:4      | Reached skill level 5 in Axes
  1647 | D:4      | Reached XP level 5. HP: 34/45 MP: 4/4
  1963 | D:4      | Found a glowing drain.
  1968 | Sewer    | Entered a sewer
  2305 | D:3      | Noticed Robin
  2433 | D:3      | Killed Robin
  2497 | D:3      | Found Dopsy's Magic Scroll Boutique.
  2517 | D:3      | Bought a scroll of identify for 28 gold pieces
  2517 | D:3      | Bought a scroll of identify for 28 gold pieces
  2517 | D:3      | Bought a scroll of identify for 28 gold pieces
  2517 | D:3      | Bought a scroll of identify for 28 gold pieces
  2661 | D:3      | Noticed Natasha
  2665 | D:3      | Killed Natasha
  2666 | D:3      | Reached XP level 6. HP: 52/52 MP: 5/5
  2682 | D:3      | Noticed Natasha
  2687 | D:3      | Killed Natasha
  2688 | D:3      | Reached skill level 6 in Axes
  2859 | D:3      | Noticed Natasha
  2866 | D:3      | Killed Natasha
  2996 | D:4      | Found a shadowy altar of Dithmenos.
  3111 | D:5      | Entered Level 5 of the Dungeon
  3376 | D:4      | Found an ornate altar of the Wu Jian Council.
  3383 | D:4      | Noticed a spectral centipede
  3383 | D:4      | Noticed a spectral black mamba
  3383 | D:4      | Noticed a spectral cane toad
  3463 | D:4      | Found a stormy altar of Qazlal.
  3699 | D:5      | Noticed an ice beast
  3718 | D:5      | Reached skill level 5 in Throwing
  3718 | D:5      | Reached XP level 7. HP: 45/60 MP: 6/6
  3723 | D:5      | Reached skill level 7 in Axes
  3723 | D:5      | Noticed Blork the orc
  3728 | D:5      | Killed Blork the orc
  3729 | D:5      | Reached skill level 5 in Fighting
  4066 | D:5      | Noticed Edmund
  4076 | D:5      | Killed Edmund
  4382 | D:5      | Noticed a rust devil
  4382 | D:5      | Noticed a rust devil
  4392 | D:5      | Killed a rust devil
  4393 | D:5      | Reached skill level 8 in Axes
  4393 | D:5      | Reached XP level 8. HP: 25/70 MP: 7/7
  4399 | D:6      | HP: 3/70 [rust devil (4)]
  4400 | D:6      | Slain by a rust devil

Illustrated notes

Levels and vault maps discovered:
D:1:      dpeg_arrival_arbitrary_c, layout_loops_ring,
          hangedman_abyss_or_decor_stabs
D:2:      layout_loops_corners, nicolae_half_adder
D:3:      layout_basic, serial_shops, shop, minmay_misc_feat_diagonals,
          minmay_misc_feat_room, grunt_decor_resistance, uniq_robin,
          uniq_natasha
D:4:      layout_gridville, mainiacjoe_overflow_brackets,
          pdpol_wu_jian_five_deadly_venoms, lemuel_coloured_pillars_altar,
          minmay_temple_entry_from_below_a, gup_sewer_entry_bowl
D:5:      cheibrodos_iron_armory, layout_basic, uniq_edmund, uniq_blork_the_orc
D:6:      layout_loops_cross, uniq_menkaure

Skill      XL: |  1  2  3  4  5  6  7  8 |
---------------+-------------------------+-----
Axes           | 4 5 6 8 |  8.7
Fighting       | 3 4 5 6 |  6.0
Throwing       | 3 4 5 6 |  6.8
Dodging        | |  3.2

Action                     |  1- 3 |  4- 6 |  7- 9 || total
---------------------------+-------+-------+-------++-------
  Melee: War axe           |    46 |   151 |    35 ||   232
         Headbutt          |     4 |    24 |     8 ||    36
         Punch             |       |     2 |     1 ||     3
  Throw: Throwing net      |       |     2 |     1 ||     3
    Use: Scroll            |       |     7 |     8 ||    15
         Potion            |       |       |     1 ||     1
   Stab: Held in net/web   |       |     1 |       ||     1
 Armour: Leather armour    |     2 |       |       ||     2
         Chain mail        |     3 |    53 |     4 ||    60
  Dodge: Dodged            |    58 |   122 |    21 ||   201

Table legend: (Time is in decaauts)
 A = Elapsed time spent in this place.
 B = Non-inter-level travel time spent in this place.
 C = Inter-level travel time spent in this place.
 D = Time resting spent in this place.
 E = Time spent auto-exploring this place.
 F = Levels seen in this place.
 G = Mean time per level.
                   A        B        C        D        E       F      G
               +--------+--------+--------+--------+--------+-----+--------+
         Total |   4539 |   4366 |    173 |    200 |   3068 |   7 |  648.4 |
       Dungeon |   4232 |   4059 |    173 |    200 |   2921 |   6 |  705.3 |
         Sewer |    307 |    307 |      0 |      0 |    146 |   1 |  307.0 |
               +--------+--------+--------+--------+--------+-----+--------+

Top non-repeatable levels by time:
     D:4: 1130 daAuts
     D:2: 871 daAuts
     D:5: 765 daAuts
     D:1: 723 daAuts
     D:3: 652 daAuts
   Sewer: 307 daAuts
     D:6: 88 daAuts
